 Dungeon Crawl Stone Soup version 0.30-a0-900-g23479c02f2 (webtiles) character file.

Game seed: 4877857101161157591

134 Darkkill the Shooter (level 4, -3/40 HPs)
             Began as a Minotaur Hunter on Mar 18, 2023.
             Slain by an orc
             ... wielding a +0 hand axe
              (5 damage)
             ... on level 3 of the Dungeon.
             The game lasted 00:04:07 (1661 turns).

Darkkill the Shooter (Minotaur Hunter)              Turns: 1661, Time: 00:04:08

Health: -3/40      AC:  3    Str: 15    XL:     4   Next: 95%
Magic:  3/3        EV: 13    Int:  6    God:
Gold:   84         SH:  0    Dex: 16    Spells: 3/3 levels left

rFire   . . .      SeeInvis .    a - +0 shortbow (drain)
rCold   . . .      Faith    .    (shield currently unavailable)
rNeg    . . .      Spirit   .    c - +0 leather armour
rPois   .          Reflect  .    (helmet restricted)
rElec   .          Rampage  .    (no cloak)
rCorr   .                        (no gloves)
Will    .....                    (no boots)
Stlth   ++                       (no amulet)
HPRegen 0.26/turn                (no ring)
MPRegen 0.08/turn                (no ring)

@: no status effects
A: horns 2, retaliatory headbutt
a: no special abilities


You were on level 3 of the Dungeon.
You visited 1 branch of the dungeon, and saw 3 of its levels.

You collected 84 gold pieces.

Inventory:

Hand Weapons
 a - a +0 shortbow of draining (weapon)
Missiles
 d - 4 poisoned darts
 g - 15 stones
Armour
 c - a +0 leather armour (worn)
Jewellery
 l - a +6 ring of intelligence
Scrolls
 b - a scroll of immolation
Potions
 e - 2 potions of cancellation
 h - a potion of invisibility
 i - a potion of curing {@q1}
 j - a potion of attraction
 k - a potion of lignification {unknown}


   Skills:
 + Level 3.7 Fighting
 + Level 5.1 Ranged Weapons
 + Level 3.4 Dodging
 + Level 2.1 Stealth


You had 3 spell levels left.
You didn't know any spells.
Your spell library was empty.

Dungeon Overview and Level Annotations

Branches:
Dungeon (3/15)

Altars:
Sif Muna

Shops:
D:2 [?=


Innate Abilities, Weirdness & Mutations

You have a pair of horns on your head.
You reflexively headbutt those who attack you in melee.


Message History

You shoot an arrow. The arrow barely misses the hobgoblin.
Natasha hisses angrily.
The hobgoblin barely misses you.
You shoot an arrow. The arrow hits the hobgoblin.
The hobgoblin is lightly wounded.
The hobgoblin hits you. x2
You shoot an arrow. The arrow hits the hobgoblin!
You kill the hobgoblin!
You shoot an arrow. The arrow misses Natasha.
Natasha claws you.
You shoot an arrow. The arrow hits Natasha.
You drain Natasha.
Natasha is severely wounded.
Natasha howls an incantation.
Natasha shimmers violently.
Natasha casts a spell at you. The magic dart hits you.
You shoot an arrow. The arrow hits Natasha.
You kill Natasha!
You hear a faint echoing roar filled with hate and sorrow!
Your Ranged Weapons skill increases to level 5!
No target in view!
HP restored.
You see here a hobgoblin corpse.
There is a stone staircase leading down here.
A kobold comes into view.
It is wielding a +0 dagger and quivering poisoned darts.
You shoot an arrow. The arrow hits the kobold.
You drain the kobold.
You kill the kobold!
d - 4 poisoned darts (gained 2)
You see here a +0 dagger.
No target in view!
Found a stone staircase leading down.
An orc priest and an orc wizard come into view.
The orc wizard shouts!
The orc priest shouts!
You shoot an arrow. The arrow hits the orc priest!
The orc priest is heavily wounded.
You hear a shout!
An orc comes into view.
It is wielding a +0 short sword of flaming.
There are monsters nearby!
You shoot an arrow. The orc shouts!
The arrow hits the orc wizard.
You drain the orc wizard.
The orc wizard is moderately wounded.
You shoot an arrow. The arrow hits the orc wizard.
The orc wizard is heavily wounded.
An orc comes into view. It is wielding a +0 hand axe.
The orc wizard closely misses you.
The orc moves out of view.
There are monsters nearby!
You shoot an arrow.
The arrow hits the orc wizard but does no damage.
The orc wizard is heavily wounded.
There are monsters nearby!
You shoot an arrow. The arrow hits the orc.
You kill the orc!
Your Stealth skill increases to level 2!
There are monsters nearby!
You shoot an arrow. The arrow hits the orc priest.
The orc priest is severely wounded.
The orc wizard completely misses you.
The orc priest hits you with a +0 dagger.
There are monsters nearby!
You shoot an arrow. The arrow barely misses the orc priest.
The orc priest completely misses you. The orc wizard completely misses you.
There are monsters nearby!
You shoot an arrow.
The arrow closely misses the orc priest.
The orc priest mumbles some strange prayers to Beogh against you.
You barely resist. The orc hits you but does no damage.
The orc wizard hits you but does no damage.
You shoot an arrow. The arrow hits the orc priest.
The orc priest is almost dead.
The orc priest hits you with a +0 dagger.
The orc closely misses you.
The orc wizard hits you with a +0 dagger.
The orc priest calls down the wrath of Beogh upon you.
Beogh smites you! The orc barely misses you.
The orc wizard hits you but does no damage.
There are monsters nearby!
You shoot an arrow. The arrow barely misses the orc priest.
The orc priest hits you with a +0 dagger.
The orc barely misses you.
The orc wizard hits you with a +0 dagger.
You shoot an arrow. The arrow hits the orc priest!
You kill the orc priest!
The orc wizard barely misses you. The orc hits you with a +0 hand axe.
You shoot an arrow.
The arrow hits the orc wizard but does no damage.
You drain the orc wizard.
The orc wizard is heavily wounded.
The orc wizard misses you. The orc hits you with a +0 hand axe.
* * * LOW HITPOINT WARNING * * *
You shoot an arrow. The arrow barely misses the orc wizard.
The orc wizard barely misses you. The orc hits you with a +0 hand axe.
* * * LOW HITPOINT WARNING * * *
The orc hits you with a +0 hand axe!
* * * LOW HITPOINT WARNING * * *
The orc wizard completely misses you.
You shoot an arrow. The arrow hits the orc wizard.
The orc wizard is severely wounded.
The orc wizard hits you but does no damage.
The orc hits you with a +0 hand axe.
You die...

# #. .## ...# ####. .
... ...# ###.... #. #.#
#..###...### #. #.#
#.....<### ##..
#.#####.....### .....
#.##.....##...####
#.....#)....##.####....#
......o@.##..)......##..
......o.###.........##..
......>.# #.........##.#
........# #.............
........# #.........####
........# #.........#
######### #.........#
#.........#


You could see an orc wizard (very drained) and an orc.

Vanquished Creatures
  An orc priest (D:3)
  Natasha (D:3)
  An adder (D:2)
  2 worms (D:2)
  2 dart slugs (D:1)
  An orc (D:3)
  3 endoplasms
  A giant cockroach (D:2)
  6 goblins
  4 hobgoblins
  7 jackals
  6 kobolds
  7 ball pythons (D:1)
  3 bats
  13 frilled lizards
  3 rats
61 creatures vanquished.

Vanquished Creatures (others)
  6 plants (D:1)
6 creatures vanquished.

Grand Total: 67 creatures vanquished

Notes
Turn   | Place    | Note
-------+----------+-------------------------------------------
     0 | D:1      | Darkkill the Minotaur Hunter began the quest for the Orb.
     0 | D:1      | Reached XP level 1. HP: 18/18 MP: 0/0
    40 | D:1      | Reached skill level 1 in Stealth
    51 | D:1      | Reached XP level 2. HP: 16/25 MP: 1/1
   288 | D:1      | Reached XP level 3. HP: 31/31 MP: 2/2
   889 | D:2      | Found Niununk's Jewellery Emporium.
   979 | D:2      | Found a shimmering blue altar of Sif Muna.
   983 | D:2      | Found a faded altar of an unknown god.
   992 | D:2      | Reached XP level 4. HP: 38/38 MP: 3/3
  1204 | D:2      | Found Kekucu's Armour Boutique.
  1226 | D:2      | Found Kejis's Magic Scroll Shoppe.
  1553 | D:3      | Noticed Natasha
  1559 | D:3      | Killed Natasha
  1560 | D:3      | Reached skill level 5 in Ranged Weapons
  1660 | D:3      | HP: 2/40 [orc/+0 hand axe (7)]
  1661 | D:3      | Slain by an orc

Illustrated notes

Levels and vault maps discovered:
D:1:      evilmike_arrival_plus, layout_basic, minmay_lizard_king
D:2:      layout_basic, serial_rivers, chequers_serial_rivers_small_3,
          chequers_serial_rivers_small_b, chequers_serial_rivers_room_b,
          chequers_serial_rivers_marsh, basic_altar,
          hellmonk_ecumenical_altar_pennies_from_heaven, serial_shops,
          nicolae_shop_trees, nicolae_shop_stone, nicolae_square_shop,
          st_stairs_12, roderic_filled_cross, minmay_misc_feat_more_columns
D:3:      layout_rooms, minmay_pentangle, uniq_natasha

Skill      XL: |  1  2  3  4 |
---------------+-------------+-----
Stealth        | 1 2 |  2.1
Fighting       | 3 |  3.7
Dodging        | 3 |  3.4
Ranged Weapons | 5 |  5.1

Action                     |  1- 3 |  4- 6 || total
---------------------------+-------+-------++-------
   Fire: Shortbow          |   101 |    31 ||   132
    Use: Scroll            |     5 |     3 ||     8
 Armour: Leather armour    |    16 |     4 ||    20
  Dodge: Dodged            |    54 |    12 ||    66

Table legend: (Time is in decaauts)
 A = Elapsed time spent in this place.
 B = Non-inter-level travel time spent in this place.
 C = Inter-level travel time spent in this place.
 D = Time resting spent in this place.
 E = Time spent auto-exploring this place.
 F = Levels seen in this place.
 G = Mean time per level.
                   A        B        C        D        E       F      G
               +--------+--------+--------+--------+--------+-----+--------+
         Total |   1710 |   1635 |     75 |      0 |   1372 |   3 |  570.0 |
       Dungeon |   1710 |   1635 |     75 |      0 |   1372 |   3 |  570.0 |
               +--------+--------+--------+--------+--------+-----+--------+

Top non-repeatable levels by time:
     D:1: 815 daAuts
     D:2: 767 daAuts
     D:3: 126 daAuts

Table legend:
 A = Kills in this place as a percentage of kills in the entire game.
 B = Kills by you in this place as a percentage of kills by you in the entire game.
 C = Kills by friends in this place as a percentage of kills by friends in the entire game.
 D = Other kills in this place as a percentage of other kills in the entire game.
 E = Experience gained in this place as a percentage of experience gained in the entire game.
 F = Experience gained in this place divided by the number of levels of this place that you have seen.
                   A       B       C       D       E      F
               +-------+-------+-------+-------+-------+----------------------
         Total | 100.0 | 100.0 |   N/A |   N/A | 100.0 |  64.0
       Dungeon | 100.0 | 100.0 |   N/A |   N/A | 100.0 |  64.0
               +-------+-------+-------+-------+-------+----------------------
